 Dungeon Sprint DCSS version 0.19.4-8-ga85b6b9 (webtiles) character file.

12900000 protoss039 the Ninja (level 27, -143/273 HPs)
             Began as a Ghoul Enchanter on Feb 13, 2017.
             Was the Champion of Makhleb.
             Annihilated by a fleshlord
             ... wielding a +9 great mace
              (416 damage)
             ... in the Dungeon (Sprint VIII: "Arena of Blood").
             The game lasted 00:04:59 (129 turns).

protoss039 the Ninja (Ghoul Enchanter)               Turns: 129, Time: 00:05:00

Health: -143/273   AC:  5    Str: 25    XL:     27
Magic:  33/53      EV: 26    Int: 10    God:    Makhleb [******]
Gold:   0          SH:  0    Dex:  9    Spells: 1 memorised, 79 levels left

rFire  . . .     SeeInvis .     k - +∞ Axe of Woe
rCold  + . .     Gourm    .     b - +1 robe
rNeg   + + +     Faith    .     (shield currently unavailable)
rPois  ∞         Spirit   .     (no helmet)
rElec  .         Reflect  .     (no cloak)
rCorr  .         Harm     .     (no gloves)
MR     ++...     NoTele   +     (no boots)
Stlth  +++++++++.               (no amulet)
                                m - +250 ring of slaying
                                n - +250 ring of slaying

@: marked, rotting, slowed, very slow
A: rotting body, claws 1, carnivore 3, cold resistance 1, negative energy
resistance 3, slow regeneration 1, torment resistance, unbreathing
a: Minor Destruction, Lesser Servant of Makhleb, Major Destruction, Greater
Servant of Makhleb, Renounce Religion


You were in the Dungeon.
You worshipped Makhleb.
Makhleb was exalted by your worship.
You were not hungry.

You visited 1 branch

Inventory:

Hand Weapons
 a - a +1 dagger
 k - the +∞ Axe of Woe (weapon)
   (You found it in the Dungeon)
Armour
 b - a +1 robe (worn)
Jewellery
 l - a +200 ring of slaying
 m - a +250 ring of slaying (right claw)
 n - a +250 ring of slaying (left claw)
Scrolls
 j - a scroll of blinking
Potions
 e - a potion of curing
 f - a potion of heal wounds
 g - a potion of haste
 h - 2 potions of magic
 i - a potion of berserk rage
Books
 c - a book of Maledictions

   Spells                             Type                      Level
   a - Corona                         Hexes                        1
   b - Ensorcelled Hibernation        Hexes/Ice                    2
   c - Confuse                        Hexes                        3
   d - Tukima's Dance                 Hexes                        3
   e - Dazzling Spray                 Conjuration/Hexes            3
Comestibles
 d - a meat ration


   Skills:
 O Level 27 Fighting
 O Level 27 Short Blades
 O Level 27 Axes
 O Level 27 Throwing
 O Level 27 Armour
 O Level 27 Dodging
 O Level 27 Stealth
 O Level 27 Unarmed Combat
 O Level 27 Spellcasting
 O Level 27 Hexes
 O Level 27 Invocations


You had 79 spell levels left.
You knew the following spells:

 Your Spells              Type           Power        Failure   Level  Hunger
a - Corona                Hex            ######.      0%          1    None


Dungeon Overview and Level Annotations

Branches:
Dungeon (1/1)

Altars:
Makhleb

Annotations:
D The Captor


Innate Abilities, Weirdness & Mutations

Your body is rotting away.
You thrive on raw meat.
You are immune to poison.
You have sharp fingernails.
You are carnivorous and can eat meat at any time.
Your flesh is cold resistant. (rC+)
You are immune to negative energy. (rN+++)
You regenerate slowly when monsters are visible.
You are immune to unholy pain and torment.
You can survive without breathing.


Message History

Something smites you!
A sea snake, 2 orcs and a vampire knight come into view.
The destroyer is wielding a +9 great sword of slicing.
Unknown command.
Press < or > to pray at altars.
Unknown command.
Press < or > to pray at altars.
You carve the scourge like a ham!!!!!!
You cleave the scourge in twain.
You kill the scourge!
Makhleb accepts your kill.
You feel better.
You hear a shout!
Your Executioner gestures.
Your Executioner seems to speed up.
The destroyer blinks!
You hear a shout!
The destroyer moves out of view.
The fleshlord hits you with a +9 great mace!!!!!!
Ouch! That really hurt!
You die...

#.. ...# #%.
...# . .###%%
..%###..
......###......
......_.%o..
#.%§..# % .
#_%<)_# .o.
....#.%pV)#{@o.%
..S.M1)@))@O.Lo.
......###).V....
.###.. §{.###..
#.. ...# . #.
.{2# .. ...oW ..
.%.. ....


You could see an accursed, a tyrant, 2 destroyers, a scourge, a fleshlord, The
Defiler, The Captor, a meat berserker (berserk), 4 bags of meat and a friendly
Executioner.

Vanquished Creatures
  11 hell beasts (D)
  3 greater mummies (D)
  5 great orbs of eyes (D)
  9 wraiths (D)
  16 vampire knights (D)
  36 ogres (D)
  5 liches (D)
  4 hydras (D)
  54 orcs (D)
  3 phantoms (D)
  9 hill giants (D)
  8 skeletal warriors (D)
  2 sea snakes (D)
  9 large abominations (D)
  7 small abominations (D)
  6 crawling corpses (D)
187 creatures vanquished.

Vanquished Creatures (others)
  4 crawling corpses (D)
4 creatures vanquished.

Grand Total: 191 creatures vanquished

Notes
Turn   | Place    | Note
-------+----------+-------------------------------------------
     0 | D        | protoss039 the Ghoul Enchanter began the quest for the Orb.
     0 | D        | Reached XP level 1. HP: 14/14 MP: 2/2
     2 | D        | Noticed a bag of meat
     3 | D        | Noticed a bag of meat
     3 | D        | Became a worshipper of Makhleb the Destroyer
     4 | D        | Noticed a bag of meat
     6 | D        | Noticed a bag of meat
     6 | D        | Noticed a bag of meat
     8 | D        | Noticed a bag of meat
     8 | D        | Noticed a bag of meat
     9 | D        | Noticed a bag of meat
     9 | D        | Noticed a bag of meat
     9 | D        | Killed a bag of meat
     9 | D        | Reached skill level 10 in Spellcasting
     9 | D        | Reached skill level 15 in Hexes
     9 | D        | Reached XP level 2. HP: 26/26 MP: 2/12
     9 | D        | Reached XP level 3. HP: 31/31 MP: 2/13
     9 | D        | Reached XP level 4. HP: 38/38 MP: 2/15
     9 | D        | Reached XP level 5. HP: 45/45 MP: 2/16
     9 | D        | Reached XP level 6. HP: 51/51 MP: 2/18
     9 | D        | Reached XP level 7. HP: 57/57 MP: 2/19
     9 | D        | Reached XP level 8. HP: 63/63 MP: 2/21
     9 | D        | Reached XP level 9. HP: 69/69 MP: 2/22
     9 | D        | Reached XP level 10. HP: 77/77 MP: 2/23
     9 | D        | Reached XP level 11. HP: 82/82 MP: 2/24
     9 | D        | Reached XP level 12. HP: 89/89 MP: 2/25
    10 | D        | Noticed a bag of meat
    10 | D        | Killed a bag of meat
    10 | D        | Reached * piety under Makhleb
    10 | D        | Reached skill level 10 in Dodging
    10 | D        | Reached XP level 13. HP: 49/95 MP: 2/27
    10 | D        | Killed a bag of meat
    10 | D        | Reached XP level 14. HP: 53/102 MP: 2/29
    10 | D        | Killed a bag of meat
    11 | D        | Noticed a bag of meat
    11 | D        | Noticed a bag of meat
    11 | D        | Noticed a bag of meat
    11 | D        | Noticed a meat berserker
    11 | D        | Killed a bag of meat
    11 | D        | Reached ** piety under Makhleb
    11 | D        | Reached skill level 10 in Axes
    11 | D        | Reached XP level 15. HP: 24/107 MP: 2/32
    11 | D        | Reached skill level 15 in Spellcasting
    12 | D        | Noticed a meat berserker
    12 | D        | Reached XP level 16. HP: 59/115 MP: 3/34
    12 | D        | Reached *** piety under Makhleb
    12 | D        | Reached skill level 27 in Stealth
    12 | D        | Reached skill level 1 in Short Blades
    13 | D        | Killed a meat berserker
    13 | D        | Reached skill level 5 in Fighting
    13 | D        | Reached skill level 15 in Dodging
    13 | D        | Reached XP level 17. HP: 127/127 MP: 3/37
    14 | D        | Killed a meat berserker
    14 | D        | Reached **** piety under Makhleb
    14 | D        | Reached skill level 27 in Hexes
    14 | D        | Reached XP level 18. HP: 139/139 MP: 3/40
    15 | D        | Noticed a meat berserker
    15 | D        | Reached skill level 5 in Short Blades
    17 | D        | Reached ***** piety under Makhleb
    18 | D        | Killed a meat berserker
    18 | D        | Reached XP level 19. HP: 158/158 MP: 4/44
    19 | D        | Noticed a destroyer
    19 | D        | Reached skill level 27 in Axes
    21 | D        | Killed a destroyer
    21 | D        | Reached XP level 20. HP: 187/187 MP: 5/49
    22 | D        | Noticed a meat berserker
    23 | D        | Reached skill level 10 in Short Blades
    23 | D        | Reached skill level 27 in Spellcasting
    26 | D        | Noticed a meat berserker
    27 | D        | Killed a meat berserker
    27 | D        | Reached skill level 27 in Dodging
    27 | D        | Reached XP level 21. HP: 169/220 MP: 7/51
    28 | D        | Reached ****** piety under Makhleb
    28 | D        | Reached skill level 27 in Fighting
    28 | D        | Reached skill level 15 in Short Blades
    29 | D        | Noticed a destroyer
    31 | D        | Noticed a destroyer
    31 | D        | Killed a meat berserker
    33 | D        | Noticed a destroyer
    33 | D        | Killed a destroyer
    33 | D        | Reached skill level 27 in Short Blades
    33 | D        | Reached XP level 22. HP: 233/233 MP: 8/52
    35 | D        | Killed a destroyer
    37 | D        | HP: 2/233 [sculptor of flesh/+9 great sword (231)]
    40 | D        | Noticed a destroyer
    42 | D        | Killed a destroyer
    42 | D        | Reached XP level 23. HP: 65/240 MP: 11/53
    46 | D        | Reached skill level 27 in Invocations
    47 | D        | Killed a destroyer
    49 | D        | Reached XP level 24. HP: 126/249 MP: 13/53
    50 | D        | Noticed a destroyer
    51 | D        | Killed a destroyer
    51 | D        | Reached skill level 27 in Unarmed Combat
    51 | D        | Reached XP level 25. HP: 257/257 MP: 13/53
    51 | D        | Reached skill level 27 in Throwing
    51 | D        | Reached skill level 27 in Armour
    52 | D        | Noticed a destroyer
    54 | D        | Reached XP level 26. HP: 266/266 MP: 14/53
    55 | D        | Noticed a destroyer
    55 | D        | Noticed an accursed
    56 | D        | Noticed a tyrant
    57 | D        | Noticed a tyrant
    58 | D        | Noticed a tyrant
    59 | D        | Noticed a destroyer
    60 | D        | Reached XP level 27. HP: 273/273 MP: 16/53
    62 | D        | Noticed a destroyer
    62 | D        | Noticed a dread
    62 | D        | Killed a destroyer
    64 | D        | Noticed a destroyer
    64 | D        | Killed a destroyer
    64 | D        | Killed a destroyer
    65 | D        | Noticed a dread
    66 | D        | Killed a destroyer
    67 | D        | Noticed a destroyer
    67 | D        | Noticed a destroyer
    67 | D        | Killed a tyrant
    68 | D        | Noticed a tyrant
    68 | D        | Killed a tyrant
    69 | D        | Noticed a dread
    70 | D        | Killed a dread
    72 | D        | Noticed a meat beast
    72 | D        | Noticed a meat beast
    72 | D        | Killed a tyrant
    72 | D        | Killed a destroyer
    72 | D        | Killed a destroyer
    73 | D        | Killed an accursed
    74 | D        | Noticed a tyrant
    74 | D        | Killed a meat beast
    75 | D        | Killed a destroyer
    77 | D        | Noticed a destroyer
    77 | D        | Killed a meat beast
    77 | D        | Killed a dread
    78 | D        | Noticed a dread
    78 | D        | Noticed a dread
    78 | D        | Killed a dread
    78 | D        | Killed a tyrant
    79 | D        | Noticed an accursed
    80 | D        | Noticed a meat beast
    81 | D        | Killed a meat beast
    82 | D        | Noticed a meat beast
    82 | D        | Killed a tyrant
    83 | D        | Noticed a destroyer
    83 | D        | Killed a destroyer
    86 | D        | Killed a dread
    86 | D        | Killed a meat beast
    87 | D        | Noticed a meat beast
    88 | D        | Noticed a meat beast
    89 | D        | Noticed a meat beast
    89 | D        | Killed a dread
    91 | D        | Killed a destroyer
    91 | D        | Killed a meat beast
    94 | D        | Noticed a meat beast
    96 | D        | Killed a meat beast
    97 | D        | Noticed a destroyer
    97 | D        | Killed an accursed
    98 | D        | Noticed a dread
    98 | D        | Noticed a dread
    98 | D        | Killed a meat beast
   101 | D        | Killed a destroyer
   103 | D        | Killed a dread
   104 | D        | Killed a meat beast
   105 | D        | Noticed a meat beast
   105 | D        | Noticed a dread
   105 | D        | Killed a meat beast
   106 | D        | Noticed a meat beast
   107 | D        | Noticed a dread
   110 | D        | Killed a dread
   111 | D        | Noticed an accursed
   112 | D        | Killed a meat beast
   112 | D        | Killed a dread
   117 | D        | Noticed a meat beast
   117 | D        | Noticed a destroyer
   119 | D        | Killed a meat beast
   120 | D        | Noticed a fleshlord
   120 | D        | Killed an accursed
   121 | D        | Noticed an accursed
   124 | D        | Noticed The Captor
   125 | D        | Killed a dread
   126 | D        | Noticed a destroyer
   129 | D        | Noticed a destroyer
   129 | D        | Noticed a tyrant
   129 | D        | Annihilated by a fleshlord

Skill      XL: |  1  2  3  4  5  6  7  8  9 10 11 12 13 14 15 16 17 18 19 20 21 22 23 24 25 |
---------------+----------------------------------------------------------------------------+-----
Fighting       | 3 5 7 11 18 25 27 | 27.0
Axes           | 4 6 7 10 12 17 19 25 27 | 27.0
Dodging        | 8 10 12 13 15 16 20 23 27 | 27.0
Stealth        | 18 20 22 24 26 27 | 27.0
Spellcasting   | 10 11 12 14 15 17 19 22 26 27 | 27.0
Hexes          | 15 17 19 21 22 26 27 | 27.0
Short Blades   | 3 4 7 9 13 27 | 27.0
Throwing       | 12 19 25 27 | 27.0
Armour         | 12 19 25 27 | 27.0
Unarmed Combat | 14 22 27 | 27.0
Invocations    | 26 27 | 27.0

Action                   |  1- 3 |  4- 6 |  7- 9 | 10-12 | 13-15 | 16-18 | 19-21 | 22-24 | 25-27 || total
-------------------------+-------+-------+-------+-------+-------+-------+-------+-------+-------++-------
Melee: Executioner's axe |     1 |       |       |     1 |     2 |     5 |     9 |     8 |    65 ||    91
Invok: Major Destruction |       |       |       |       |       |       |       |     5 |       ||     5
       Greater Servant o |       |       |       |       |       |       |       |     2 |     2 ||     4
Dodge: Dodged            |       |       |       |       |       |     1 |       |     1 |     8 ||    10
